ORI
MISSISSIPPI STATE UNIVERSITY BULLDOGS @ UNIVERSITY OF OKLAHOMA SOONERS
07/26/2049
 
TOP OF THE 1ST
Mississippi State University Bulldogs batting - Pitching for University of Oklahoma Sooners : RHP Billy Russell
Pitching: RHP Billy Russell
Batting: SHB Toshinori Shimabukuro 0-0: Called Strike
0-1: Ball
1-1: Foul Ball, location: 2F
1-2: Hit by Pitch
Batting: RHB Cody Ammann 0-0: Ball
Toshinori Shimabukuro is caught stealing 2nd base 2-4
1-0: Bunt missed!
1-1: Ball
2-1: Fly out, F9 (Line Drive, 89M, EV 104.4 MPH)
Batting: RHB Benito Gonzales 0-0: Called Strike
0-1: Swinging Strike
0-2: Ball
1-2: Ground out 4-3 (Groundball, 34, EV 83.8 MPH)
Top of the 1st over - 0 runs, 0 hits, 0 errors, 0 left on base; Mississippi State University 0 - University of Oklahoma 0
BOTTOM OF THE 1ST
University of Oklahoma Sooners batting - Pitching for Mississippi State University Bulldogs : RHP Leo Rivera
Pitching: RHP Leo Rivera
Batting: LHB Alex Benabides 0-0: Called Strike
0-1: Ball
1-1: Ball
2-1: Swinging Strike
2-2: Ground out U3 (Groundball, 13, EV 91.9 MPH)
Batting: RHB Alex Perez 0-0: Called Strike
0-1: Called Strike
0-2: Strikes out swinging
Batting: LHB Toby Clark 0-0: Called Strike
0-1: Ball
1-1: Foul Ball, location: 3F, Error on foul ball, E3
1-2: Ball
2-2: Fly out, F6 (Line Drive, 6, EV 61.2 MPH)
Bottom of the 1st over - 0 runs, 0 hits, 1 error, 0 left on base; Mississippi State University 0 - University of Oklahoma 0
TOP OF THE 2ND
Mississippi State University Bulldogs batting - Pitching for University of Oklahoma Sooners : RHP Billy Russell
Batting: RHB Masahito Sunada 0-0: Swinging Strike
0-1: Ball
1-1: Foul Ball, location: 2F
1-2: Strikes out looking
Batting: RHB Eric Riley 0-0: Foul Ball, location: 2F
0-1: Ball
1-1: Ball
2-1: Foul Ball, location: 2F
2-2: Hit by Pitch
Batting: RHB Karl Lukasiewicz Balk!
Eric Riley to second
0-0: Ball
1-0: Ball
2-0: Called Strike
2-1: Ball
3-1: Foul Ball, location: 2F
3-2: Base on Balls
Batting: RHB Bill Petipas 0-0: Called Strike
0-1: Ball
1-1: SINGLE (Groundball, 56D, EV 99.4 MPH)
Eric Riley to third
Karl Lukasiewicz to second
Runner from 3rd tries for Home, throw by LF and OUT! 7-2
Karl Lukasiewicz to third
Bill Petipas to second
Batting: RHB Ryan Muldoon 0-0: Ground out 4-3 (Groundball, 4, EV 88.8 MPH)
Top of the 2nd over - 0 runs, 1 hit, 0 errors, 2 left on base; Mississippi State University 0 - University of Oklahoma 0
BOTTOM OF THE 2ND
University of Oklahoma Sooners batting - Pitching for Mississippi State University Bulldogs : RHP Leo Rivera
Batting: RHB Suk Hahn 0-0: Ball
1-0: Called Strike
1-1: DOUBLE (Line Drive, 8RXD, EV 104.4 MPH)
Batting: RHB Sam Mason 0-0: Ball
1-0: Ground out 3-1 (Groundball, 34S, EV 80.6 MPH)
Suk Hahn to third
Batting: RHB Kjeld Leen 0-0: Ball
1-0: Called Strike
1-1: SINGLE (Groundball, 56D, EV 96.2 MPH)
Suk Hahn scores
Batting: LHB Michio Okamoto 0-0: Called Strike
0-1: Called Strike
Kjeld Leen steals 2nd base
0-2: Foul Ball, location: 2F
0-2: Ball
1-2: Ball
2-2: Foul Ball, location: 2F
2-2: DOUBLE (Line Drive, 78D, EV 107.5 MPH)
Kjeld Leen scores
Batting: RHB Timmy Lightfoot 0-0: SINGLE (Groundball, 56S, EV 70.6 MPH) (infield hit)
Michio Okamoto to third
Batting: RHB Zach Throsby 0-0: SINGLE (Groundball, 6M, EV 111.9 MPH) (infield hit)
Michio Okamoto scores
Timmy Lightfoot to second
Batting: LHB Alex Benabides 0-0: Reached on error, E5 (Groundball, 56, EV 106.2 MPH)
Timmy Lightfoot to third
Zach Throsby to second
Batting: RHB Alex Perez 0-0: Fielders Choice at 2nd, 6-4 (Groundball, 6D, EV 76.9 MPH)
Timmy Lightfoot scores
Zach Throsby to third
Batting: LHB Toby Clark 0-0: Ground out 4-3 (Groundball, 34S, EV 86.9 MPH)
Bottom of the 2nd over - 4 runs, 5 hits, 1 error, 2 left on base; Mississippi State University 0 - University of Oklahoma 4
TOP OF THE 3RD
Mississippi State University Bulldogs batting - Pitching for University of Oklahoma Sooners : RHP Billy Russell
Batting: RHB Paulo Aubert 0-0: Called Strike
0-1: Ground out 6-3 (Groundball, 6S, EV 86.9 MPH)
Batting: SHB Toshinori Shimabukuro 0-0: Called Strike
0-1: Foul Ball, location: 2F
0-2: Ball
1-2: Ball
2-2: Foul Ball, location: 2F
2-2: Ball
3-2: Foul Ball, location: 2F
3-2: Foul Ball, location: 2F
3-2: Base on Balls
Batting: RHB Cody Ammann 0-0: Ball
1-0: DOUBLE (Line Drive, 78D, EV 113.8 MPH)
Toshinori Shimabukuro to third
Runner from 3rd tries for Home, throw by LF and OUT! 7-6-2
Batting: RHB Benito Gonzales 0-0: Called Strike
0-1: Called Strike
0-2: Ball
1-2: Foul Ball, location: 2F
1-2: Ground out 5-3 (Groundball, 5S, EV 81.9 MPH)
Top of the 3rd over - 0 runs, 1 hit, 0 errors, 1 left on base; Mississippi State University 0 - University of Oklahoma 4
BOTTOM OF THE 3RD
University of Oklahoma Sooners batting - Pitching for Mississippi State University Bulldogs : RHP Leo Rivera
Batting: RHB Suk Hahn 0-0: Fly out, F5 (Popup, 5SF, EV 78.1 MPH)
Batting: RHB Sam Mason 0-0: Called Strike
0-1: Swinging Strike
0-2: Strikes out looking
Batting: RHB Kjeld Leen 0-0: Swinging Strike
0-1: Foul Ball, location: 2F
0-2: Foul Ball, location: 2F
0-2: Ball
1-2: Foul Ball, location: 2F
1-2: Strikes out swinging
Bottom of the 3rd over - 0 runs, 0 hits, 0 errors, 0 left on base; Mississippi State University 0 - University of Oklahoma 4
TOP OF THE 4TH
Mississippi State University Bulldogs batting - Pitching for University of Oklahoma Sooners : RHP Billy Russell
Batting: RHB Masahito Sunada 0-0: Foul Ball, location: 2F
0-1: Ball
1-1: Ball
2-1: Ball
3-1: Called Strike
3-2: Foul Ball, location: 2F
3-2: Foul Ball, location: 2F
3-2: Foul Ball, location: 2F
3-2: Base on Balls
Batting: RHB Eric Riley 0-0: Ball
1-0: Fly out, F7 (Flyball, 7LM, EV 89.4 MPH)
Batting: RHB Karl Lukasiewicz 0-0: Fielders Choice at 2nd, 4-6 (Groundball, 34, EV 93.1 MPH)
Batting: RHB Bill Petipas 0-0: Called Strike
0-1: Swinging Strike
0-2: Ball
1-2: Foul Ball, location: 2F
1-2: Strikes out looking
Top of the 4th over - 0 runs, 0 hits, 0 errors, 1 left on base; Mississippi State University 0 - University of Oklahoma 4
BOTTOM OF THE 4TH
University of Oklahoma Sooners batting - Pitching for Mississippi State University Bulldogs : RHP Leo Rivera
Batting: LHB Michio Okamoto 0-0: Called Strike
0-1: Ball
1-1: Ball
2-1: SINGLE (Flyball, 9LS, EV 88.8 MPH)
Batting: RHB Timmy Lightfoot 0-0: Ball
1-0: Swinging Strike
1-1: Foul Ball, location: 2F
1-2: Fly out, F9 (Flyball, 9, EV 91.2 MPH)
Batting: RHB Zach Throsby 0-0: Ball
1-0: Ball
2-0: Called Strike
2-1: Foul Ball, location: 2F
2-2: Foul Ball, location: 2F
2-2: Fly out, F8 (Flyball, 8RD, EV 97.5 MPH)
Pinch Hitting: LHB Geoff Hudock 0-0: Called Strike
Michio Okamoto steals 2nd base
0-1: Ground out 3-1 (Groundball, 34, EV 98.8 MPH)
Bottom of the 4th over - 0 runs, 1 hit, 0 errors, 1 left on base; Mississippi State University 0 - University of Oklahoma 4
TOP OF THE 5TH
Mississippi State University Bulldogs batting - Pitching for University of Oklahoma Sooners : RHP Billy Russell
Pitching: RHP Earl Freeman
Now at 2B: Myles Sabine
Now in LF: Orlando Uribe
Batting: RHB Ryan Muldoon 0-0: Called Strike
0-1: Called Strike
0-2: Fly out, F8 (Line Drive, 8LD, EV 97.5 MPH)
Batting: RHB Paulo Aubert 0-0: Ball
1-0: Fly out, F9 (Line Drive, 9, EV 98.8 MPH)
Pinch Hitting: SHB Jim Rutherford 0-0: Fly out, F9 (Flyball, 9, EV 95.0 MPH)
Top of the 5th over - 0 runs, 0 hits, 0 errors, 0 left on base; Mississippi State University 0 - University of Oklahoma 4
BOTTOM OF THE 5TH
University of Oklahoma Sooners batting - Pitching for Mississippi State University Bulldogs : RHP Leo Rivera
Now at 1B: Tom Ploughman
Now at 2B: Jun Qing
Now at SS: Freddie Kite
Now in LF: Benito Gonzales
Now in RF: Jim Rutherford
Pinch Hitting: RHB Sugiarto Kartosuwiryo 0-0: Called Strike
0-1: Ball
1-1: Foul Ball, location: 2F
1-2: Ball
2-2: Foul Ball, location: 2F
2-2: Foul Ball, location: 2F
2-2: Ball
3-2: Strikes out swinging
Pinch Hitting: RHB David Stuckey 0-0: Foul Ball, location: 2F
0-1: Foul Ball, location: 2F
0-2: Ball
1-2: Foul Ball, location: 2F
1-2: Foul Ball, location: 2F
1-2: Strikes out looking
Batting: RHB Suk Hahn 0-0: Foul Ball, location: 2F
0-1: Fly out, F9 (Flyball, 9LM, EV 97.5 MPH)
Bottom of the 5th over - 0 runs, 0 hits, 0 errors, 0 left on base; Mississippi State University 0 - University of Oklahoma 4
TOP OF THE 6TH
Mississippi State University Bulldogs batting - Pitching for University of Oklahoma Sooners : RHP Earl Freeman
Now at C: Jason Higgins
Now at 1B: Sugiarto Kartosuwiryo
Now at 3B: David Stuckey
Now in RF: Pedro Marrero
Batting: LHB Tom Ploughman 0-0: Fly out, F8 (Flyball, 8RM, EV 98.8 MPH)
Pinch Hitting: SHB Shou-xin Ouyang 0-0: Swinging Strike
0-1: Ball
1-1: Ball
2-1: Foul Ball, location: 2F
2-2: Strikes out swinging
Batting: RHB Rich Martinez 0-0: Ball
1-0: Ball
2-0: Ground out 6-3 (Groundball, 6, EV 84.4 MPH)
Top of the 6th over - 0 runs, 0 hits, 0 errors, 0 left on base; Mississippi State University 0 - University of Oklahoma 4
BOTTOM OF THE 6TH
University of Oklahoma Sooners batting - Pitching for Mississippi State University Bulldogs : RHP Leo Rivera
Pitching: RHP Bob Majka
Now in LF: Shou-xin Ouyang
Pinch Hitting: SHB Benedetto Legnano 0-0: Ball
1-0: Foul Ball, location: 2F
1-1: Called Strike
1-2: DOUBLE (Flyball, 89D, EV 112.5 MPH)
Pinch Hitting: RHB Virgil Wenz 0-0: Ball
1-0: Ball
2-0: Swinging Strike
2-1: Ball
3-1: Called Strike
3-2: Foul Ball, location: 2F
3-2: Strikes out swinging
Batting: LHB Pedro Marrero 0-0: Ball
1-0: Swinging Strike
1-1: Ball
Benedetto Legnano steals 3rd base
2-1: SINGLE (Groundball, 6D, EV 100.0 MPH)
Benedetto Legnano scores
Batting: RHB Jason Higgins 0-0: Ball
1-0: Foul Ball, location: 2F
1-1: SINGLE (Groundball, 6D, EV 103.8 MPH)
Pedro Marrero to second
Batting: SHB Orlando Uribe 0-0: Called Strike
0-1: Fly out, F9 (Flyball, 9, EV 82.5 MPH)
Batting: RHB Myles Sabine 0-0: Swinging Strike
0-1: Swinging Strike
0-2: Strikes out swinging
Bottom of the 6th over - 1 run, 3 hits, 0 errors, 2 left on base; Mississippi State University 0 - University of Oklahoma 5
TOP OF THE 7TH
Mississippi State University Bulldogs batting - Pitching for University of Oklahoma Sooners : RHP Earl Freeman
Pitching: RHP Ignacio Belloli
Now at SS: Benedetto Legnano
Now in CF: Aaron Hollifield
Batting: RHB Jun Qing 0-0: Ball
1-0: Ground out 6-3 (Groundball, 6, EV 87.5 MPH)
Pinch Hitting: RHB Logan Strassburg 0-0: Foul Ball, location: 2F
0-1: Called Strike
0-2: Ground out 4-3 (Groundball, 4, EV 82.5 MPH)
Batting: RHB Bill Petipas 0-0: Ball
1-0: Ball
2-0: Ball
3-0: Base on Balls
Batting: RHB Freddie Kite 0-0: Ball
1-0: Called Strike
1-1: Called Strike
1-2: Ball
2-2: Strikes out swinging
Top of the 7th over - 0 runs, 0 hits, 0 errors, 1 left on base; Mississippi State University 0 - University of Oklahoma 5
BOTTOM OF THE 7TH
University of Oklahoma Sooners batting - Pitching for Mississippi State University Bulldogs : RHP Bob Majka
Now at 1B: Logan Strassburg
Now at 3B: Jon Van Dam
Now in CF: Tom Ploughman
Batting: RHB Sugiarto Kartosuwiryo 0-0: Ball
1-0: Ball
2-0: Foul Ball, location: 2F
2-1: Called Strike
2-2: Ball
3-2: Strikes out swinging
Pitching: RHP Chris Pearson
Batting: RHB David Stuckey 0-0: Called Strike
0-1: Ball
1-1: Called Strike
1-2: Strikes out looking
Batting: RHB Mike Blehm 0-0: Ball
1-0: Called Strike
1-1: Called Strike
1-2: SINGLE (Groundball, 25, EV 74.4 MPH) (infield hit)
Batting: SHB Benedetto Legnano 0-0: Called Strike
0-1: Ball
Wild Pitch!
Mike Blehm to second
1-1: Ground out 6-3 (Groundball, 6, EV 86.2 MPH)
Bottom of the 7th over - 0 runs, 1 hit, 0 errors, 1 left on base; Mississippi State University 0 - University of Oklahoma 5
TOP OF THE 8TH
Mississippi State University Bulldogs batting - Pitching for University of Oklahoma Sooners : RHP Ignacio Belloli
Pitching: RHP Adam Alioto
Batting: RHB Jon Van Dam 0-0: Ball
1-0: Foul Ball, location: 2F
1-1: Ball
2-1: Ball
3-1: Hit by Pitch
Batting: SHB Jim Rutherford 0-0: Called Strike
0-1: Ball
1-1: Foul Ball, location: 2F
1-2: Foul Ball, location: 2F
1-2: Ball
2-2: Foul Ball, location: 2F
2-2: Fielders Choice at 2nd, 4-6 (Groundball, 4, EV 88.1 MPH)
Batting: LHB Tom Ploughman 0-0: Ball
1-0: Foul Ball, location: 2F
1-1: Ball
2-1: DOUBLE (Line Drive, 78D, EV 104.4 MPH)
Jim Rutherford to third
Batting: SHB Shou-xin Ouyang 0-0: Called Strike
0-1: Ground out 1-3 (Groundball, 15S, EV 63.8 MPH)
Batting: RHB Rich Martinez 0-0: Ball
1-0: SINGLE (Line Drive, 78S, EV 98.1 MPH)
Jim Rutherford scores
Tom Ploughman to third
Batting: RHB Jun Qing 0-0: Ball
1-0: Fly out, F9 (Flyball, 9D, EV 101.2 MPH)
Top of the 8th over - 1 run, 2 hits, 0 errors, 2 left on base; Mississippi State University 1 - University of Oklahoma 5
BOTTOM OF THE 8TH
University of Oklahoma Sooners batting - Pitching for Mississippi State University Bulldogs : RHP Chris Pearson
Pitching: RHP Sa'ng Dai
Batting: LHB Aaron Hollifield 0-0: Ball
1-0: Ball
2-0: Ground out 4-3 (Groundball, 4, EV 83.1 MPH)
Batting: LHB Pedro Marrero 0-0: Foul Ball, location: 2F
0-1: Ball
1-1: Called Strike
1-2: Foul Ball, location: 2F
1-2: Foul Ball, location: 2F
1-2: Foul Ball, location: 2F
1-2: Ball
2-2: Strikes out looking
Batting: RHB Jason Higgins 0-0: Ball
1-0: Swinging Strike
1-1: Swinging Strike
1-2: Ball
2-2: Strikes out looking
Bottom of the 8th over - 0 runs, 0 hits, 0 errors, 0 left on base; Mississippi State University 1 - University of Oklahoma 5
TOP OF THE 9TH
Mississippi State University Bulldogs batting - Pitching for University of Oklahoma Sooners : RHP Adam Alioto
Pitching: RHP Matthew Sax
Batting: RHB Logan Strassburg 0-0: Called Strike
0-1: Ball
1-1: Foul Ball, location: 2F
1-2: Foul Ball, location: 2F
1-2: Ball
2-2: SINGLE (Groundball, 34D, EV 105.0 MPH)
Pinch Hitting: RHB Oscar Vargas 0-0: Called Strike
0-1: Ball
1-1: Ball
2-1: SINGLE (Groundball, 6S, EV 66.9 MPH) (infield hit)
Logan Strassburg to second
Pinch Hitting: LHB Tim Johnson 0-0: Ball
1-0: Swinging Strike
1-1: Ball
2-1: Fielders Choice at 2nd, 4-6 (Groundball, 4M, EV 82.5 MPH)
Logan Strassburg to third
Pinch Hitting: RHB Jay Britz 0-0: Ball
1-0: Fly out, F9 (Flyball, 9LM, EV 91.2 MPH)
Runner from 3rd tags up, SCORES, no throw by RF
Pinch Hitting: RHB Jesse Hodges 0-0: Called Strike
0-1: Ball
1-1: Swinging Strike
1-2: Ball
2-2: DOUBLE (Line Drive, 3D, EV 96.9 MPH)
Tim Johnson to third
Batting: LHB Tom Ploughman 0-0: Swinging Strike
0-1: Ball
1-1: Ball
2-1: Foul Ball, location: 2F
2-2: Fly out, F5 (Popup, 56S, EV 81.2 MPH)
Top of the 9th over - 1 run, 3 hits, 0 errors, 2 left on base; Mississippi State University 2 - University of Oklahoma 5
Sunday, July 16th , 2023 - OOTP Baseball 24.6 Build 69